 Dungeon Crawl Stone Soup version 0.31.0-10-gcf4a605ca0 (webtiles) character file.

Game seed: 11600340897383417152

49 Curundu the Chopper (level 3, 0/43 HPs)
             Began as a Human Berserker on Jan 25, 2024.
             Was a Believer of Trog.
             Slain by a gnoll
             ... wielding a +0 whip
              (3 damage)
             ... on level 2 of the Dungeon.
             The game lasted 00:04:39 (910 turns).

Curundu the Chopper (Human Berserker)                Turns: 910, Time: 00:04:39

Health: 0/43       AC:  3    Str: 19    XL:     3   Next: 75%
Magic:  3/3        EV: 12    Int:  7    God:    Trog [**....]
Gold:   106        SH:  0    Dex: 12    Spells: 2/2 levels left

rFire   . . .        a - +0 hand axe
rCold   . . .        (no shield)
rNeg    . . .        b - +0 animal skin
rPois   .            (no helmet)
rElec   .            (no cloak)
rCorr   .            (no gloves)
SInv    .            e - +0 pair of boots
Will    ++...        (no amulet) Stlth
                     (no ring)
HPRegen 1.27/turn    (no ring)
MPRegen 0.08/turn

%: no passive effects
@: berserking (expiring), strong-willed, regenerating, very quick
A: explore regen
a: Renounce Religion, Berserk, Trog's Hand


You were on level 2 of the Dungeon.
You worshipped Trog.
Trog was pleased with you.
You visited 1 branch of the dungeon, and saw 2 of its levels.

You collected 106 gold pieces.

Inventory:

Hand Weapons
 a - a +0 hand axe (weapon)
Armour
 b - a +0 animal skin (worn)
 e - a +0 pair of boots (worn)
Scrolls
 d - 3 scrolls of identify
Potions
 c - 2 potions of invisibility
 f - a potion of haste


   Skills:
 + Level 3.4 Fighting
 + Level 3.7 Axes
 + Level 2.1 Armour
 + Level 2.6 Dodging


You had 2 spell levels left.
You didn't know any spells.
Your spell library was empty.

Dungeon Overview and Level Annotations

Branches:
Dungeon (2/15)

Altars:
Nemelex Xobeh

Shops:
D:2 :


Innate Abilities, Weirdness & Mutations

You regain HP and MP as you explore.


Message History

A gnoll comes into view. It is wielding a +0 halberd.
Found a +0 dagger.
The gnoll shouts!
A gnoll comes into view. It is wielding a +0 whip.
A gnoll comes into view. It is wielding a +0 halberd.
The gnoll shouts!
You hear a shout!
The gnoll moves out of view.
The gnoll shouts!
You hear a shout!
The gnoll misses you.
You hit the gnoll.
The gnoll is moderately wounded.
The gnoll hits you with a +0 halberd!
You closely miss the gnoll.
The gnoll is moderately wounded.
The gnoll hits you with a +0 halberd.
You hit the gnoll.
The gnoll is severely wounded.
The gnoll hits you with a +0 halberd.
* * * LOW HITPOINT WARNING * * *
You slash the gnoll!
You kill the gnoll!
Trog accepts your kill.
Your skin crawls.
You feel strong-willed. The gnoll closely misses you.
A goblin comes into view. It is wielding a +0 dagger.
A red film seems to cover your vision as you go berserk!
You feel yourself moving faster!
You feel mighty! The gnoll barely misses you.
The gnoll hits you from afar with a +0 halberd!
* * * LOW HITPOINT WARNING * * *
You closely miss the gnoll. You hit the gnoll.
The gnoll is moderately wounded.
The gnoll closely misses you.
The gnoll hits you from afar with a +0 halberd.
* * * LOW HITPOINT WARNING * * *
You hit the gnoll.
The gnoll is severely wounded.
The gnoll hits you with a +0 whip.
You die...

...._.......#
........(.#.#######
.......#......#...#
##
###................
..) ###..............
#.. ##............).
#... #.....(...∩.....
#gg###.##..#.........
#.g@..###<.#...#...#
####..# #.......####
######..####..#.#..#
..........###...##.##
#.........# ###.....#
##.......(#####.#####
#..........#⌠....#
#................#
#######.....⌠._.⌠##


You could see 2 gnolls and a goblin.

Vanquished Creatures
  A gnoll (D:2)
  5 endoplasms
  2 giant cockroaches
  4 goblins
  3 hobgoblins
  2 jackals (D:1)
  4 kobolds
  2 quokkas (D:1)
  4 ball pythons (D:1)
  3 bats
  3 frilled lizards
  3 rats (D:1)
36 creatures vanquished.

Notes
Turn   | Place    | Note
-------+----------+-------------------------------------------
     0 | D:1      | Curundu the Human Berserker began the quest for the Orb.
     0 | D:1      | Reached XP level 1. HP: 18/18 MP: 1/1
    41 | D:1      | Reached XP level 2. HP: 13/24 MP: 2/2
   348 | D:1      | Reached XP level 3. HP: 26/29 MP: 3/3
   451 | D:1      | Reached ** piety under Trog
   849 | D:2      | Found a sparkling altar of Nemelex Xobeh.
   855 | D:2      | Found Himpoitt's Book Shop.
   879 | D:2      | Found a faded altar of an unknown god.
   909 | D:2      | HP: 1/43 [gnoll/+0 halberd (6)]
   910 | D:2      | Slain by a gnoll

Illustrated notes

Levels and vault maps discovered:
D:1:      minmay_arrival_glassed_features, layout_rooms
D:2:      layout_rooms, basic_altar, serial_shops, shop,
          hellmonk_ecumenical_altar_run_dry, chequers_serial_rivers_room_b

Action                     || total
---------------------------++-------
  Melee: Hand axe          ||   104
 Invoke: Berserk           ||     1
         Trog's Hand       ||     1
    Use: Scroll            ||     3
 Armour: Animal skin       ||    71
  Dodge: Dodged            ||    91
